AoeStats
← VX | El Venenudo

MegaRandom

508581064Analyzed
4v4 RM · 10d ago on Sep 23, 2026· 47m 27s· 8 players
Game mode
Random Map
Map size
Large (8 player)
Population
200
Speed
Normal
Resources
Standard
Victory
Conquest
Starting age
Dark Age
Ending age
Imperial Age
RankedLock teamsTeams togetherTeam positionsShared explorationLock speedFull tech treeHidden civsTurbo modeCheats
Victory
Defeat
🇲🇽 Italians · Mexico
1520
+10
🇦🇷 Britons · Argentina
1337
+17
🇨🇴 Mongols · Colombia
1294
+19
🇲🇽 Persians · Mexico
1280
+19
🇲🇽 Franks · Mexico
1418
-19
🇲🇽 Lithuanians · Mexico
1408
-18
🇲🇽 Spanish · Mexico
1342
-15
🇲🇽 Maya · Mexico
1278
-13
[SotC] Memowolf
7:36 Loom
9:34 Feudal Age
10:17 Double-Bit Axe
11:12 Horse Collar
19:54 Castle Age
18:48 Gold Mining
19:06 Scale Barding Armor
19:14 Bloodlines
21:46 Heavy Plow
23:22 Forging
24:31 Chain Barding Armor
26:06 Iron Casting
30:10 Husbandry
32:44 Fletching
36:55 Imperial Age
35:33 Wheelbarrow
36:33 Cavalier
37:50 Plate Barding Armor
38:23 Crop Rotation
40:52 Savar
45:40 Blast Furnace
44:02 Light Cavalry
46:01 Bow Saw
[SotC] Maxeld
7:02 Loom
9:04 Feudal Age
9:47 Town Watch
10:00 Double-Bit Axe
10:34 Horse Collar
17:24 Gold Mining
18:44 Wheelbarrow
23:09 Castle Age
21:38 Scale Barding Armor
21:43 Forging
21:45 Bloodlines
21:27 Gold Mining
24:28 Chain Barding Armor
24:43 Iron Casting
24:13 Husbandry
24:42 Bow Saw
24:58 Heavy Plow
29:20 Hand Cart
33:52 Stone Mining
34:38 Gold Shaft Mining
36:30 Light Cavalry
41:39 Imperial Age
43:21 Blast Furnace
41:42 Hussar
41:43 Heavy Camel Rider
43:03 Fletching
43:14 Padded Archer Armor
44:18 Chemistry
45:27 Bodkin Arrow
45:54 Conscription
46:01 Ballistics
45:37 Murder Holes
45:54 Masonry
45:53 Nomads
46:40 Bracer
48:03 Leather Archer Armor
[SotC ]Risck
7:59 Loom
10:11 Feudal Age
12:57 Wheelbarrow
16:31 Castle Age
15:39 Double-Bit Axe
16:20 Horse Collar
17:43 Bow Saw
19:00 Fishing Lines
20:46 Town Watch
25:06 Fletching
25:58 Bodkin Arrow
26:04 Padded Archer Armor
29:23 Ballistics
31:43 Imperial Age
29:49 Leather Archer Armor
30:02 Hand Cart
30:24 Town Patrol
31:11 Fortified Wall
30:58 Murder Holes
32:39 Bracer
33:53 Ring Archer Armor
34:25 Chemistry
34:29 Hoardings
34:38 Gold Mining
34:39 Stone Mining
35:30 Conscription
35:32 Silk Road
37:08 Caravan
39:21 Elite Genoese Crossbowman
40:22 Masonry
39:54 Treadmill Crane
41:21 Two-Man Saw
41:44 Guilds
42:05 Coinage
42:51 Bombard Tower
43:02 Architecture
42:52 Heavy Plow
45:21 Pirotechnia
47:35 Stone Shaft Mining
dario_def
6:56 Loom
9:27 Feudal Age
10:49 Wheelbarrow
11:00 Double-Bit Axe
13:06 Fletching
23:23 Castle Age
23:04 Gold Mining
22:55 Horse Collar
23:37 Crossbowman
24:18 Bodkin Arrow
24:21 Town Watch
26:31 Pikeman
27:28 Bow Saw
29:15 Heavy Plow
31:19 Ballistics
34:27 Padded Archer Armor
34:24 Stone Mining
36:16 Hand Cart
36:59 Gold Shaft Mining
39:39 Imperial Age
38:20 Leather Archer Armor
40:29 Bracer
41:31 Chemistry
41:19 Ring Archer Armor
41:59 Two-Man Saw
40:37 Arbalester
42:04 Forging
41:55 Scale Mail Armor
42:08 Masonry
43:47 Iron Casting
43:45 Architecture
44:45 Conscription
45:20 Squires
45:37 Chain Mail Armor
46:22 Blast Furnace
46:12 Caravan
46:44 Coinage
VX | Insulini
4:40 Loom
10:08 Feudal Age
12:07 Horse Collar
12:43 Double-Bit Axe
16:45 Fletching
19:27 Castle Age
18:52 Gold Mining
25:05 Scale Barding Armor
31:59 Imperial Age
30:06 Bow Saw
31:35 Stone Mining
34:01 Heavy Plow
35:03 Two-Man Saw
34:01 Stone Mining
35:02 Bodkin Arrow
40:48 Elite Conquistador
41:18 Elite Conquistador
43:14 Stone Shaft Mining
45:32 Wheelbarrow
46:15 Chain Barding Armor
VX | El Venenudo
10:53 Loom
13:31 Feudal Age
14:43 Double-Bit Axe
17:35 Castle Age
17:51 Scale Barding Armor
17:50 Horse Collar
19:50 Chain Barding Armor
25:53 Wheelbarrow
28:39 Bloodlines
29:51 Forging
29:58 Fletching
30:25 Gold Mining
32:07 Husbandry
36:46 Imperial Age
35:54 Iron Casting
36:15 Hand Cart
36:58 Cavalier
38:22 Plate Barding Armor
41:55 Conscription
41:23 Paladin
Juannoesminombrexd
0:29 Loom
10:10 Feudal Age
11:57 Double-Bit Axe
15:00 Fletching
15:13 Horse Collar
16:27 Padded Archer Armor
21:39 Castle Age
20:05 Stone Mining
20:08 Gold Mining
21:44 Town Watch
21:47 Crossbowman
22:43 Bodkin Arrow
23:55 Thumb Ring
25:19 Leather Archer Armor
26:27 Ballistics
28:00 Bow Saw
30:31 Wheelbarrow
33:44 Elite Skirmisher
34:54 Caravan
39:13 Hand Cart
41:30 Imperial Age
39:21 Eagle Warrior
40:23 Scale Mail Armor
40:39 Arson
40:54 Squires
41:05 Forging
41:32 Elite Eagle Warrior
42:10 Arbalester
43:58 Ring Archer Armor
43:46 Bracer
44:47 Chain Mail Armor
45:29 Pikeman
VX | JARV
8:34 Loom
10:19 Feudal Age
19:23 Scale Barding Armor
21:14 Forging
22:18 Fletching
23:16 Double-Bit Axe
27:25 Castle Age
27:36 Wheelbarrow
26:48 Town Watch
27:05 Padded Archer Armor
27:13 Gold Mining
28:38 Bow Saw
28:33 Bodkin Arrow
32:40 Leather Archer Armor
33:21 Husbandry
34:05 Ballistics
46:29 Imperial Age
Connection lost

Rejoining the realm…

Still unreachable

The connection could not be restored.

Session expired

The server has moved on; the page needs a fresh start.